 Dungeon Crawl Stone Soup version bcrawl-1.36.1 (webtiles) character file.

Game seed: 17647575376609349068

257817 Morbidden the Stinger (level 8, -3/84 HPs)
             Began as an Ent Venom Mage on May 17, 2022.
             Was an Initiate of Cheibriados.
             Slain by an orc warrior
             ... wielding a +0 mace of protection
              (16 damage)
             ... on level 5 of the Dungeon.
             The game lasted 00:09:13 (5139 turns).

Morbidden the Stinger (Ent Venom Mage)              Turns: 5139, Time: 00:09:14

Health: -3/84      AC: 16    Str: 19    XL:     8   Next: 58%
Magic:  6/15       EV: 12    Int: 17    God:    Cheibriados [......]
Gold:   204        SH:  0    Dex: 17    Spells: 10/17 levels left

rFire    . . .     SeeInvis .   n - +0 mace (protect)
rCold    . . .     Gourm    .   (no shield)
rNeg     + + +     Faith    .   (armour unavailable)
rPois    +         Spirit   .   (helmet restricted)
rElec    .         Reflect  .   d - +0 cloak
rCorr    .                      (gloves unavailable)
MR       +....                  (boots unavailable)
Stlth    ++........             (no amulet)
HPRegen  0.24/turn              v - ring of protection from magic
MPRegen  0.14/turn              m - +6 ring of dexterity

@: very slow
A: large, slow actions, passwall, strong branches, negative energy resistance 3,
poison resistance, slow metabolism 1, torment resistance, unbreathing, AC +15
a: Passwall, Bend Time, Renounce Religion


You were on level 5 of the Dungeon.
You worshipped Cheibriados.
Cheibriados was noncommittal.
You were hungry.

You visited 2 branches of the dungeon, and saw 7 of its levels.
You also visited: Sewer.

You collected 339 gold pieces.
You spent 135 gold pieces at shops.

Inventory:

Hand Weapons
 n - a +0 mace of protection (weapon)
Missiles
 g - 182 poisoned tomahawks (quivered)
Armour
 d - a +0 cloak (worn)
Jewellery
 k - an uncursed ring of resist corrosion
 m - a +6 ring of dexterity (right hand)
 v - a ring of protection from magic (left hand)
Scrolls
 a - a scroll of immolation
 i - 3 scrolls of identify
 r - a scroll of enchant armour {unknown}
 s - 2 scrolls of remove curse {unknown}
 t - a scroll of enchant weapon {unknown}
 u - 2 scrolls of teleportation
Potions
 b - a potion of berserk rage
 c - a potion of degeneration
 f - a potion of might {unknown}
 h - 2 potions of curing {unknown}
 j - a potion of heal wounds {unknown}
 l - a potion of mutation {unknown}
 o - a potion of resistance {unknown}
 p - a potion of brilliance {unknown}
 q - a potion of invisibility {unknown}
Comestibles
 e - 9 rations {!d}
 w - 4 chunks of flesh


   Skills:
 * Level 4.0 Fighting
 * Level 4.9 Maces & Flails
 * Level 4.6 Dodging
 + Level 3.1 Stealth
 + Level 2.4 Unarmed Combat
 * Level 5.2 Spellcasting
 * Level 3.3 Conjurations
 + Level 1.0 Air Magic
 * Level 5.5 Poison Magic
 * Level 0.4 Invocations


You had 10 spell levels left.
You knew the following spells:

 Your Spells              Type           Power        Failure   Level  Hunger
a - Sting                 Conj/Pois      ###.         2%          1    None
b - Poisonous Vapours     Pois/Air       ###...       5%          2    None
z - Olgreb's Toxic Radia  Pois           ###......    14%         4    ####...

Your spell library contained the following spells:

 Spells                   Type           Power        Failure   Level  Hunger
 Ignite Poison            Fire/Tmut/Pois ##......     19%         3    ##.....
 Summon Scorpions         Summ/Pois      ##......     41%         4    ####...
 Venom Bolt               Conj/Pois      ###.......   52%         5    ######.


Dungeon Overview and Level Annotations

Branches:
Dungeon (6/12)             Temple (1/1) D:4

Altars:
Ashenzari
Cheibriados
Dithmenos
Gozag
Hepliaklqana
Kikubaaqudgha
Lugonu
Makhleb
Okawaru
Ru
Sif Muna
Trog
Uskayaw
Wu Jian
Xom
Yredelemnul

Shops:
D:5 *

Annotations:
D:3 1 runed door


Innate Abilities, Weirdness & Mutations

You move and act slowly.
You can pass through walls and trees.
Your branches can wield two-handed weapons with a shield.
Your thick bark is tough. (AC +15)
You are too large for most types of armour.
You are immune to negative energy. (rN+++)
Your system is resistant to poisons. (rPois)
You have a slow metabolism.
You are immune to unholy pain and torment.
You can survive without breathing.


Message History

Your weapon exudes an aura of protection.
The orc warrior is lightly wounded.
Your toxic aura wanes.
The orc warrior hits you but does no damage.
The orc warrior barely misses you.
No path to travel!
You closely miss the orc warrior.
The orc warrior is lightly wounded.
The orc warrior misses you.
No path to travel!
Casting: Olgreb's Toxic Radiance (safe; 14% risk of failure)
Confirm with . or Enter, or press ? or * to list all spells.
Aiming: Poisonous Vapours (safe; 5% risk of failure)
Press: ? - help, Dir - move target cursor, f/p - orc warrior
Aim: an orc warrior, wielding a +0 mace of protection and wearing a +0 plate armour (lightly wounded) Poisonous vapours appear!
The orc warrior is engulfed in poison gas.
The orc warrior is poisoned.
The orc warrior hits you with a +0 mace of protection!
You die...

.....##..............#..#
...##.####..##..........#
.......# #.######..##..##
..##...###.## #####..########
..##....#...#########...#...#.##
.###...........#.##....#.......#
..##.............#....##....<.##
...........###.................#
..#.#.......##..@..##........###
...[#......##..)o..##.#.......###
....#.#.......##......#.......##.
........#.....#.............)##..
....#.........>.##..............#
#####........#...#...............
#####........#..##...............
...........#.....................
..)........#......#..............


You could see an orc warrior.

Vanquished Creatures
  A phantom (D:4)
  2 ogres
  A necrophage (D:5)
  A big kobold (Sewer)
  2 howler monkeys (D:6)
  2 wights
  4 orc priests
  A crimson imp (D:6)
  A jelly (D:6)
  3 hounds
  5 orc wizards
  2 iguanas
  Natasha (thrice) (D:4)
  6 worker ants
  Terence (D:3)
  2 killer bee zombies
  3 gnolls (D:6)
  3 river rats (Sewer)
  6 adders
  An ooze (D:2)
  An adder zombie (D:3)
  2 worms (D:3)
  A dart slug (D:1)
  4 leopard geckos
  16 orcs
  2 ball pythons (D:1)
  2 giant cockroaches (D:1)
  5 goblins (D:1)
  11 hobgoblins
  13 jackals
  2 quokkas (D:5)
  2 bats (D:1)
  6 frilled lizards
  12 kobolds
  A quokka zombie (D:5)
  4 rats
134 creatures vanquished.

Notes
Turn   | Place    | Note
-------+----------+-------------------------------------------
     0 | D:1      | Morbidden the Ent Venom Mage began the quest for the Orb.
     0 | D:1      | Reached XP level 1. HP: 18/18 MP: 3/3
    38 | D:1      | Reached XP level 2. HP: 5/28 MP: 1/5
   274 | D:1      | Learned a level 2 spell: Poisonous Vapours
   502 | D:1      | Reached XP level 3. HP: 35/35 MP: 4/6
   925 | D:2      | Reached skill level 1 in Unarmed Combat
  1485 | D:3      | Reached XP level 4. HP: 43/43 MP: 4/8
  1580 | D:3      | Found a glowing drain.
  1601 | Sewer    | Entered a sewer
  1623 | Sewer    | Reached skill level 1 in Fighting
  1767 | Sewer    | Noticed a big kobold
  1785 | Sewer    | Killed a big kobold
  1786 | Sewer    | Reached XP level 5. HP: 39/51 MP: 2/10
  1849 | Sewer    | Found a white marble altar of Elyvilon.
  2046 | D:3      | Learned a level 4 spell: Olgreb's Toxic Radiance
  2175 | D:3      | Noticed Terence
  2185 | D:3      | Killed Terence
  2401 | D:3      | Reached XP level 6. HP: 61/61 MP: 3/11
  2526 | D:3      | Found a runed door.
  2572 | D:3      | Found a faded altar of an unknown god.
  2720 | D:4      | Reached skill level 1 in Maces & Flails
  2793 | D:4      | Noticed Natasha
  2800 | D:4      | Killed Natasha
  2851 | D:4      | Noticed Natasha
  2858 | D:4      | Killed Natasha
  2982 | D:4      | Noticed Natasha
  2993 | D:4      | Killed Natasha
  3055 | D:4      | Found a staircase to the Ecumenical Temple.
  3065 | Temple   | Entered the Ecumenical Temple
  3525 | D:4      | Reached XP level 7. HP: 43/70 MP: 6/13
  4010 | D:5      | Entered Level 5 of the Dungeon
  4223 | D:5      | Reached skill level 5 in Poison Magic
  4408 | D:5      | Reached XP level 8. HP: 65/80 MP: 15/15
  4441 | D:5      | Found Hoec's Assorted Antiques.
  4479 | D:5      | Bought a tubular agate ring for 135 gold pieces
  4716 | D:6      | Found a shattered altar of Ashenzari.
  4716 | D:6      | Found a sacrificial altar of Ru.
  4717 | D:6      | Found a hazy altar of Hepliaklqana.
  4723 | D:6      | Found a shimmering altar of Xom.
  4730 | D:6      | Found a burning altar of Makhleb.
  4790 | D:6      | Found a bloodstained altar of Trog.
  4831 | D:6      | Reached skill level 1 in Air Magic
  4864 | D:6      | Reached skill level 5 in Spellcasting
  5013 | D:6      | Found a snail-covered altar of Cheibriados.
  5018 | D:6      | Became a worshipper of Cheibriados the Contemplative
  5139 | D:5      | Slain by an orc warrior

Skill      XL: |  1  2  3  4  5  6  7  8 |
---------------+-------------------------+-----
Dodging        | 2 3 4 |  4.6
Unarmed Combat | 1 2 |  2.4
Poison Magic   | 4 5 |  5.5
Spellcasting   | 3 4 5 |  5.2
Fighting       | 1 2 3 4 |  4.0
Conjurations   | 2 3 |  3.3
Maces & Flails | 2 4 |  4.9
Stealth        | 3 |  3.1
Air Magic      | 1 |  1.0
Invocations    | |  0.4

Action                   |  1- 3 |  4- 6 |  7- 9 || total
-------------------------+-------+-------+-------++-------
Melee: Unarmed           |    79 |    67 |       ||   146
       Punch             |       |     4 |       ||     4
       Mace              |       |   104 |   143 ||   247
 Cast: Sting             |    55 |    63 |    37 ||   155
       Poisonous Vapours |     4 |    12 |    13 ||    29
       Olgreb's Toxic Ra |       |       |     8 ||     8
  Use: Scroll            |       |     3 |     1 ||     4
 Stab: Sleeping          |       |     4 |       ||     4
       Distracted        |       |     1 |       ||     1
  Eat: Chunk             |     4 |    11 |     6 ||    21
       Ration            |       |       |     2 ||     2
Armor: Skin              |    91 |   198 |   193 ||   482
Dodge: Dodged            |    95 |   232 |   200 ||   527
